 Dungeon Crawl Stone Soup version 0.17-a0-1479-g4041c36 (webtiles) character file.

2663 patman the Carver (level 9, -9/68 HPs)
             Began as a Human Wanderer on July 3, 2015.
             Was a Follower of Ashenzari.
             Mangled by an orc knight
             ... wielding a +0 glaive
              (19 damage)
             ... in a bailey.
             The game lasted 00:16:51 (4781 turns).

patman the Carver (Human Wanderer)                  Turns: 4781, Time: 00:16:51

Health: -9/68      AC: 11    Str: 19    XL:     9   Next: 94%
Magic:  9/9        EV: 12    Int: 15    God:    Ashenzari [*.....]
Gold:   355        SH:  0    Dex: 12    Spells: 0 memorised, 8 levels left

rFire  . . .     SeeInvis .     A - +7 war axe of World's End {venom, rPois rC+}
rCold  + . .     Clarity  .     n - +3 scale mail
rNeg   . . .     SustAt   .     (no shield)
rPois  +         Gourm    .     (no helmet)
rElec  .         Spirit   .     (no cloak)
rCorr  .         Warding  .     (no gloves)
rMut   .         Stasis   .     l - +0 pair of boots
MR     .....                    j - amulet of regeneration
Stlth  ..........               E - +3 ring of evasion
                                B - ring of poison resistance

@: mighty, flying, not resistant to hostile enchantments, extremely unstealthy
A: no striking features
a: Renounce Religion


You were in a bailey.
You worshipped Ashenzari.
Ashenzari was aware of your devotion.
You were not hungry.

You visited 2 branches of the dungeon, and saw 8 of its levels.
You also visited: Bailey.

You collected 355 gold pieces.

Inventory:

Hand weapons
 a - a +1 short sword of flaming
 b - a +0 falchion
 s - a +2 short sword
 w - a +0 blowgun
 A - the +7 war axe of World's End (weapon) {venom, rPois rC+}
   (You found it on level 5 of the Dungeon)

   It poisons the flesh of those it strikes.
   It protects you from cold.
   It protects you from poison.
Missiles
 g - 30 poisoned needles
 m - 130 stones (quivered)
 F - 5 throwing nets
Armour
 l - a +0 pair of boots (worn)
 n - a +3 scale mail (worn)
Jewellery
 j - an amulet of regeneration (around neck)
 k - an uncursed ring of protection from magic
 o - an uncursed ring of fire
 B - a ring of poison resistance (left hand)
 E - a +3 ring of evasion (right hand)
Magical devices
 t - a wand of digging (17)
 y - a wand of draining (9)
Scrolls
 c - 2 scrolls of teleportation
 d - 2 scrolls of enchant armour
 f - a scroll of noise
 h - a scroll of blinking
 i - 3 scrolls of immolation
 q - a scroll of recharging {unknown}
 I - a scroll of torment {unknown}
Potions
 u - a potion of cure mutation {unknown}
 v - 2 potions of curing
 z - a potion of might
 D - a potion of lignification {unknown}
 G - a potion of haste {unknown}
Comestibles
 e - a bread ration
 r - 7 fruits
 x - 3 meat rations
 C - 3 slices of pizza
 H - 5 chunks of flesh


   Skills:
 - Level 5.0 Fighting
 - Level 2.0(6.0) Short Blades
 - Level 9.0(9.1) Long Blades
 * Level 6.7 Axes
 - Level 1.0 Throwing
 - Level 6.0 Armour
 - Level 1.0 Evocations


You had 8 spell levels left.
You didn't know any spells.

Dungeon Overview and Level Annotations

Branches:
Dungeon (7/15)             Temple (1/1) D:5

Altars:
Ashenzari
Cheibriados
Dithmenos
Elyvilon
Fedhas
Gozag
Kikubaaqudgha
Makhleb
Nemelex Xobeh
Okawaru
Qazlal
Ru
Sif Muna
Trog
Vehumet
Xom
Yredelemnul
Zin
The Shining One

Annotations:
D:7 Duffy's ghost, experienced FoHu


Message History

The orc warrior hits you from afar with a halberd.
Unknown command.
You closely miss the orc knight.
The orc knight is moderately wounded.
The orc warrior barely misses you.
The orc warrior hits you from afar with a halberd.
The orc warrior barely misses you.
The orc knight roars a battlecry!
The orc warrior goes into a battle-frenzy!
The orc knight closely misses you.
You hit the orc knight.
The orc knight is heavily wounded.
The orc warrior hits you but does no damage.
The orc warrior barely misses you. x2
The orc knight roars a battlecry!
The orcs go into a battle-frenzy!
The orc knight hits you with a glaive!
* * * LOW HITPOINT WARNING * * *
The orc knight hits you from afar with a glaive!!
You die...

### ##∩#########
#.∩.##.....##
≈..#..(#..≈≈≈..#
o≈≈......@≈≈o≈≈.#
oo≈.......≈ooo≈.+
≈o≈≈.......≈≈o≈≈.#
≈≈≈..#...#..≈≈≈..#
....##...##.....##
#### ##∩#########
##


You could see an orc knight, 3 orc warriors and an orc (frenzied).

Vanquished Creatures
  Pikel (D:4)
  Sigmund (D:6)
  A deep elf fighter (D:6)
  Duvessa (D:5)
  An orc warrior (D:7)
  2 black bears
  A phantom (D:5)
  4 ogres
  A gnoll sergeant (D:6)
  Dowan (D:5)
  2 scorpions (D:5)
  A wasp zombie (D:7)
  4 crimson imps
  3 orc priests
  A hound (D:4)
  5 orc wizards
  2 worker ants (D:4)
  A hound skeleton (D:4)
  13 adders
  13 gnolls
  A shadow imp (D:5)
  4 worms
  An adder skeleton (D:5)
  18 orcs
  A bat skeleton (D:4)
  3 giant cockroaches
  7 goblins
  9 hobgoblins
  9 jackals
  11 kobolds
  9 bats
  6 giant geckos
  4 giant newts
  A jackal skeleton (D:3)
  4 quokkas
  14 rats
  A plant (D:6)
162 creatures vanquished.

Vanquished Creatures (others)
  An ogre (D:4)
1 creature vanquished.

Grand Total: 163 creatures vanquished

Notes
Turn   | Place    | Note
--------------------------------------------------------------
     0 | D:1      | patman the Human Wanderer began the quest for the Orb.
     0 | D:1      | patman set off with: a +2 short sword, a +0 falchion, a scroll of teleportation, a +0 robe, a bread ration
     0 | D:1      | Reached XP level 1. HP: 21/21 MP: 1/1
    41 | D:1      | Reached skill level 1 in Long Blades
    61 | D:1      | Reached XP level 2. HP: 18/27 MP: 2/2
   594 | D:2      | Reached XP level 3. HP: 33/33 MP: 3/3
   856 | D:2      | Reached XP level 4. HP: 39/39 MP: 4/4
  1356 | D:3      | Reached XP level 5. HP: 40/44 MP: 5/5
  1621 | D:3      | Found a sparkling altar of Nemelex Xobeh.
  1632 | D:3      | Reached skill level 5 in Long Blades
  1784 | D:3      | Reached XP level 6. HP: 51/51 MP: 6/6
  2116 | D:4      | Reached skill level 6 in Long Blades
  2244 | D:4      | Noticed a black bear
  2261 | D:4      | Killed a black bear
  2261 | D:4      | Reached XP level 7. HP: 51/56 MP: 7/7
  2297 | D:4      | Noticed Pikel
  2297 | D:4      | Noticed a slave
  2297 | D:4      | Noticed a slave
  2297 | D:4      | Noticed a slave
  2297 | D:4      | Noticed a slave
  2334 | D:4      | Killed Pikel
  2334 | D:4      | Reached skill level 8 in Long Blades
  2334 | D:4      | Reached XP level 8. HP: 35/62 MP: 8/8
  2402 | D:4      | Reached skill level 9 in Long Blades
  2563 | D:5      | Entered Level 5 of the Dungeon
  2567 | D:5      | Got a translucent war axe
  2568 | D:5      | Identified the +7 war axe of World's End {venom, rPois rC+} (You found it on level 5 of the Dungeon)
  2605 | D:5      | Reached skill level 1 in Axes
  2779 | D:5      | Found a staircase to the Ecumenical Temple.
  2790 | Temple   | Entered the Ecumenical Temple
  2894 | Temple   | Became a worshipper of Ashenzari the Shackled
  2946 | D:5      | Noticed Duvessa
  2953 | D:5      | Killed Duvessa
  2953 | D:5      | Reached XP level 9. HP: 51/68 MP: 9/9
  3385 | D:5      | Noticed Dowan
  3391 | D:5      | Killed Dowan
  3719 | D:6      | Reached skill level 5 in Armour
  3742 | D:6      | Noticed Sigmund
  3759 | D:6      | Killed Sigmund
  3759 | D:6      | Reached skill level 5 in Axes
  4542 | D:7      | Noticed Duffy's ghost (experienced FoHu)
  4720 | D:7      | Found a flagged portal.
  4738 | Bailey   | Entered a bailey
  4738 | Bailey   | Noticed an orc knight
  4739 | Bailey   | Noticed an orc knight
  4781 | Bailey   | Mangled by an orc knight

Vault maps used:
D:1:      saegor_arrival_simple_e
D:2:      first_bread
D:3:      lemuel_crystal_altar, minmay_misc_feat_ornament, columned_hall_lemuel,
          kennysheep_generic_room_12
D:4:      minmay_opposing_rooms, uniq_pikel
D:5:      temple_statues, uniq_duvessa
D:6:      hangedman_abyss_or_decor_passed, guppyfry_early_elven_hall,
          uniq_sigmund
D:7:      enter_bailey_7, roderic_roman_lattice
Temple:   grunt_circular_temple_18
Bailey:   bailey_polearm_4, bailey

Action                   |  1- 3 |  4- 6 |  7- 9 || total
-------------------------+-------+-------+-------++-------
Melee: Short sword       |   120 |   186 |    35 ||   341
       War axe           |       |       |   180 ||   180
 Fire: Blowgun           |       |       |    17 ||    17
Throw: Stone             |       |     4 |       ||     4
  Use: Scroll            |     4 |     2 |     3 ||     9
       Potion            |       |       |     2 ||     2
  Eat: Beef jerky        |       |     1 |       ||     1
       Chunk             |       |     4 |     6 ||    10
       Bread ration      |       |       |     1 ||     1
